Map: Abyssal Reef LE

Players

Salvite - Winner!

  • Race: Protoss Protoss
  • Spawn Location: 11:00

VOD

Have the link to the VOD?

Description

Time

  • Played on: June 2, 2017, 12:33 a.m.
  • Length: 8:55
Show
View Real Time Build Order
Export as new Build Order

Salvite Protoss - Winner!

Build Orders:  

Get SALT Encoding   

  12  0:04  Probe (Chrono Boost)  
  12  0:15  Probe (Chrono Boost)  
  12  0:18  Pylon  
  12  0:25  Probe (Chrono Boost)  
  12  0:37  Probe (Chrono Boost)  
  12  0:42  Gateway  
  12  0:47  Probe (Chrono Boost)  
  12  0:57  Pylon  
  12  0:58  Probe (Chrono Boost)  
  12  1:02  Pylon  
  12  1:11  Assimilator  
  12  1:16  Assimilator  
  12  1:18  Probe (Chrono Boost)  
  12  1:31  Cybernetics Core  
  12  1:35  Probe (Chrono Boost)  
  12  1:46  Probe (Chrono Boost)  
  12  1:55  Warp Gate  
  12  1:56  Probe (Chrono Boost)  
  12  2:16  Adept  
  12  2:20  Probe (Chrono Boost)  
  12  2:32  Probe (Chrono Boost)  
  12  2:38  Nexus  
  12  2:43  Pylon  
  12  2:44  Probe (Chrono Boost)  
  12  3:01  Adept  
  12  3:18  Mothership Core (Chrono Boost)  
  12  3:28  Adept  
  12  3:37  Probe (Chrono Boost)  
  12  3:47  Probe (Chrono Boost)  
  12  3:57  Adept  
  12  4:30  Twilight Council  
  12  4:35  Stargate  
  12  4:54  Probe (Chrono Boost)  
  12  5:00  Probe (Chrono Boost)  
  12  5:04  Probe (Chrono Boost)  
  12  5:11  Probe (Chrono Boost)  
  12  5:15  Probe (Chrono Boost)  
  12  6:54  Robotics Facility  
  12  7:34  Sentry  
Tags
 
Add a new tag
Caveats
  • Supply blocks, unpowered buildings, or Contaminate may cause inaccurate times.
  • Supply counts are checked every 10 seconds.